 Dungeon Crawl Stone Soup version 0.26.1-11-gd32895ea62 (webtiles) character file.

Game seed: 12602580851573113371

1678 TheGreatAnchovy the Carver (level 8, -3/73 HPs)
             Began as a Minotaur Berserker on Apr 25, 2021.
             Was a Priest of Trog.
             Killed from afar by an electric eel (5 damage)
             ... with a bolt of electricity
             ... on level 6 of the Dungeon.
             The game lasted 00:06:35 (4903 turns).

TheGreatAnchovy the Carver (Minotaur Berserker)     Turns: 4903, Time: 00:06:36

Health: -3/73      AC:  7    Str: 25    XL:     8   Next: 70%
Magic:  7/7        EV: 13    Int:  4    God:    Trog [***...]
Gold:   232        SH:  0    Dex: 11    Spells: 7/7 levels left

rFire    . . .     SeeInvis .   a - +0 falchion
rCold    . . .     Faith    .   (no shield)
rNeg     . . .     Spirit   .   k - +0 ring mail
rPois    .         Reflect  .   (helmet restricted)
rElec    .         Harm     .   (no cloak)
rCorr    +         Rampage  .   m - +0 pair of gloves
Will     +....                  (no boots)
Stlth    +.........             (no amulet)
HPRegen  0.22/turn              h - ring of resist corrosion
MPRegen  0.10/turn              (no ring)

@: very slow
A: retaliatory headbutt, horns 2, thin skeletal structure 1, strong-willed 1
a: Renounce Religion, Berserk, Trog's Hand


You were on level 6 of the Dungeon.
You worshipped Trog.
Trog was most pleased with you.
You visited 1 branch of the dungeon, and saw 6 of its levels.

You collected 232 gold pieces.

Inventory:

Hand Weapons
 a - a +0 falchion (weapon)
Armour
 b - a +0 animal skin
 k - a +0 ring mail (worn)
 m - a +0 pair of gloves (worn)
Jewellery
 h - a ring of resist corrosion (left hand)
Wands
 s - a wand of digging (5)
 t - a wand of enslavement (12)
Scrolls
 d - a scroll of amnesia
 e - 3 scrolls of remove curse
 f - a scroll of teleportation {unknown}
 g - 2 scrolls of identify {unknown}
 i - 2 scrolls of immolation {unknown}
 j - 2 scrolls of enchant armour {unknown}
 l - a scroll of fog {unknown}
 o - a scroll of enchant weapon {unknown}
 p - a scroll of torment {unknown}
Potions
 c - 2 potions of heal wounds {unknown}
 n - 2 potions of haste
 q - 2 potions of mutation
 r - a potion of flight


   Skills:
 + Level 7.2 Fighting
 - Level 9.4 Long Blades
 + Level 6.6 Armour
 + Level 4.8 Dodging


You had 7 spell levels left.
You didn't know any spells.
Your spell library was empty.

Dungeon Overview and Level Annotations

Branches:
Dungeon (6/15)
 Temple: D:4-7

Altars:
Sif Muna


Innate Abilities, Weirdness & Mutations

You reflexively headbutt those who attack you in melee.
You have a pair of horns on your head.
You have a somewhat thin skeletal structure. (Dex +2, Stealth)
You are strong-willed. (Will+)


Message History

You feel more energetic.
You feel less energetic.
You feel strong-willed.
Your bones become slightly less dense.
The electric eel shoots out a bolt of lightning at you!
The bolt of electricity hits you.
* * * LOW HITPOINT WARNING * * *
The electric eel shoots out a bolt of lightning at you!
The bolt of electricity hits you!
* * * LOW HITPOINT WARNING * * *
The bolt of electricity hits the plant!
The plant begins to die.
A nearby plant withers and dies.
The electric eel shoots out a bolt of lightning at you!
The bolt of electricity hits you.
* * * LOW HITPOINT WARNING * * *
The bolt of electricity hits the plant!
The electric eel shoots out a bolt of lightning at you!
The bolt of electricity hits the plant!
The plant begins to die.
The bolt of electricity misses you.
The electric eel shoots out a bolt of lightning at you!
The bolt of electricity hits you.
You die...

##...)......#....# ..
#...)#...#.####### .....
.##.......#........ ....♣
.....(....#.########...≈ ♣
..#.......#.....###...≈♣P≈
....#.#...#####.#P≈..♣≈≈≈≈
#.#.#.##....#...♣P≈.......
..#............P≈≈≈≈.≈≈≈≈≈
# #...........♣≈@≈≈≈.≈≈P≈≈
###..........♣P≈P≈≈≈.≈≈P≈≈
.......[....≈≈≈≈≈≈≈≈.;;≈♣♣
.###.......≈≈≈≈≈≈≈≈≈.≈≈♣♣
#.......♣♣≈P≈≈≈≈≈.≈≈♣
.###.......♣♣P≈≈≈≈≈≈.;≈♣
.....#######♣♣♣;P≈≈≈.≈≈P♣
####.# ♣≈≈≈≈≈.≈≈≈♣ .....#
♣♣≈≈≈≈.≈≈≈≈


You could see 4 electric eels.

Vanquished Creatures
  Pikel (D:5)
  The ghost of chaostorm the Frost Mage, a novice MfIE (D:5)
  A gnoll sergeant (D:5)
  A scorpion (D:5)
  A centaur zombie (D:5)
  A hound (D:5)
  An orc priest (D:5)
  A bullfrog skeleton (D:5)
  A centaur skeleton (D:5)
  Jessica (D:5)
  Natasha (thrice) (D:2)
  6 orc wizards
  A worker ant (D:2)
  A killer bee zombie (D:5)
  5 gnolls (D:5)
  A howler monkey zombie (D:5)
  5 adders
  A howler monkey skeleton (D:5)
  2 oozes (D:2)
  An adder skeleton (D:5)
  3 worms
  6 dart slugs
  2 leopard geckos
  13 orcs
  7 giant cockroaches
  7 goblins
  5 hobgoblins
  16 jackals
  4 quokkas
  2 ball pythons
  3 bats
  7 frilled lizards
  6 kobolds
  A quokka zombie (D:5)
  5 rats
123 creatures vanquished.

Vanquished Creatures (others)
  11 plants (D:6)
11 creatures vanquished.

Grand Total: 134 creatures vanquished

Notes
Turn   | Place    | Note
-------+----------+-------------------------------------------
     0 | D:1      | TheGreatAnchovy the Minotaur Berserker began the quest for
                  | the Orb.
     0 | D:1      | Reached XP level 1. HP: 19/19 MP: 0/0
   233 | D:1      | Reached XP level 2. HP: 27/27 MP: 1/1
   338 | D:1      | Reached skill level 4 in Long Blades
   943 | D:2      | Reached XP level 3. HP: 24/33 MP: 2/2
  1386 | D:2      | Reached XP level 4. HP: 40/41 MP: 3/3
  1395 | D:2      | Noticed Natasha
  1403 | D:2      | Killed Natasha
  1403 | D:2      | Reached ** piety under Trog
  1404 | D:2      | Reached skill level 5 in Long Blades
  1406 | D:2      | Noticed Natasha
  1416 | D:2      | Killed Natasha
  1560 | D:2      | Reached XP level 5. HP: 21/47 MP: 4/4
  1641 | D:2      | Noticed Natasha
  1650 | D:2      | Killed Natasha
  2290 | D:2      | Noticed Sigmund
  2292 | D:2      | Noticed Sigmund
  2292 | D:2      | Sigmund changed into Sigmund the worker ant
  2295 | D:2      | Killed Sigmund the worker ant
  2700 | D:3      | Reached skill level 5 in Fighting
  2781 | D:3      | Reached skill level 6 in Long Blades
  3277 | D:5      | Entered Level 5 of the Dungeon
  3281 | D:5      | Noticed Edmund
  3287 | D:5      | Noticed Edmund
  3287 | D:5      | Edmund changed into Edmund the ball python
  3288 | D:5      | Killed Edmund the ball python
  3288 | D:5      | Reached *** piety under Trog
  3364 | D:5      | Reached XP level 6. HP: 56/56 MP: 5/5
  3456 | D:5      | Found a runed translucent gate.
  3456 | D:5      | Found a runed translucent gate.
  3456 | D:5      | Found a runed translucent gate.
  3539 | D:5      | Noticed chaostorm's ghost (novice MfIE)
  3704 | D:5      | Noticed Pikel
  3714 | D:5      | Killed Pikel
  3715 | D:5      | Reached skill level 8 in Long Blades
  3715 | D:5      | Reached skill level 5 in Armour
  3715 | D:5      | Reached XP level 7. HP: 36/63 MP: 6/6
  3935 | D:5      | Reached XP level 8. HP: 55/70 MP: 7/7
  4444 | D:5      | Noticed Jessica
  4453 | D:5      | Found a shimmering blue altar of Sif Muna.
  4462 | D:5      | Killed Jessica
  4552 | D:5      | Killed chaostorm's ghost
  4553 | D:5      | Reached skill level 9 in Long Blades
  4902 | D:6      | Gained mutation: You have an increased reservoir of magic.
                  | (+10% MP) [potion of mutation]
  4902 | D:6      | Lost mutation: You have an increased reservoir of magic.
                  | (+10% MP) [potion of mutation]
  4902 | D:6      | Gained mutation: You are strong-willed. (Will+) [potion of
                  | mutation]
  4902 | D:6      | Gained mutation: You have a somewhat thin skeletal
                  | structure. (Dex +2, Stealth) [potion of mutation]
  4903 | D:6      | HP: 2/73 [electric eel/bolt of electricity (4)]
  4903 | D:6      | Killed from afar by an electric eel

Illustrated notes

Levels and vault maps discovered:
D:1:      kilobyte_arrival_exit_the_forest, layout_rooms, moated_statue,
          minmay_misc_feat_four_crosses, st_stairs_1
D:2:      layout_basic, uniq_natasha, uniq_sigmund
D:3:      layout_loops_cross
D:4:      layout_basic, minmay_fountain_box
D:5:      layout_cave_pools, gammafunk_ghost_necromancy, tgw_sif, uniq_pikel,
          uniq_edmund
D:6:      layout_basic, serial_bayou, serial_bayou_shore_b,
          serial_bayou_shore_b, serial_bayou_lagoon_a, serial_bayou_lagoon_b,
          serial_shops, kennysheep_little_box

Skill      XL: |  1  2  3  4  5  6  7  8 |
---------------+-------------------------+-----
Long Blades    | 4 5 6 8 9 |  9.4
Fighting       | 4 5 6 7 |  7.2
Armour         | 3 5 6 |  6.6
Dodging        | 3 4 |  4.8

Action                   |  1- 3 |  4- 6 |  7- 9 || total
-------------------------+-------+-------+-------++-------
Melee: Falchion          |    55 |   162 |    56 ||   273
       Headbutt          |     5 |    44 |    11 ||    60
Invok: Berserk           |     1 |     3 |     2 ||     6
       Trog's Hand       |       |       |     1 ||     1
Evoke: Wand              |       |     4 |       ||     4
  Use: Potion            |       |     3 |     1 ||     4
       Scroll            |       |       |     2 ||     2
Armor: Animal skin       |     7 |       |       ||     7
       Ring mail         |    14 |    55 |    16 ||    85
Dodge: Dodged            |    56 |   112 |    26 ||   194
       Rpst.: Falchion   |    14 |    38 |    10 ||    62
